 Dungeon Crawl Stone Soup version 0.29-a0-529-gfa20dd96a1 (webtiles) character file.

Game seed: 8589080860572565234

48 Mgcat the Covered (level 4, -1/40 HPs)
             Began as a Meteoran Fighter on June 1, 2022.
             Slain by a gnoll
             ... wielding a +0 flail
              (10 damage)
             ... on level 4 of the Dungeon.
             The game lasted 00:02:25 (564 turns).

Mgcat the Covered (Meteoran Fighter)                 Turns: 564, Time: 00:02:25

Health: -1/40      AC:  7    Str: 20    XL:     4   Next: 18%
Magic:  5/5        EV:  9    Int:  9    God:
Gold:   7          SH:  5    Dex: 13    Spells: 3/3 levels left

rFire   . . .      SeeInvis .   a - +0 war axe
rCold   . . .      Faith    .   c - +0 buckler
rNeg    . . .      Spirit   .   b - +0 scale mail
rPois   .          Reflect  .   (no helmet)
rElec   .          Harm     .   (no cloak)
rCorr   .          Rampage  .   (no gloves)
Will    .....                   (no boots)
Stlth   ..........              (no amulet)
HPRegen 0.13/turn               (no ring)
MPRegen 0.09/turn               (no ring)

@: glowing
A: sense surroundings 1, otherworldly, glowing, explore regen
a: no special abilities


You were on level 4 of the Dungeon.
You visited 1 branch of the dungeon, and saw 4 of its levels.

You collected 29 gold pieces.
You spent 22 gold pieces at shops.

Inventory:

Hand Weapons
 a - a +0 war axe (weapon)
Armour
 b - a +0 scale mail (worn)
 c - a +0 buckler (worn)
 f - a +0 plate armour
   (You found it on level 1 of the Dungeon)
Potions
 d - a potion of might
 e - 2 potions of attraction {!q}
 h - a potion of ambrosia
 j - 2 potions of brilliance {unknown}


   Skills:
 + Level 3.7 Fighting
 * Level 3.5 Axes
 + Level 4.1 Armour
 + Level 4.0 Shields


You had 3 spell levels left.
You didn't know any spells.
Your spell library contained the following spells:

 Spells                   Type           Power      Damage    Failure   Level
 Blink                    Tloc           0%         N/A       92%         2
 Manifold Assault         Tloc           0%         N/A       100%        5
 Storm Form               Tmut/Air       0%         N/A       100%        7


Dungeon Overview and Level Annotations

Branches:
Dungeon (4/15)
 Temple: D:4-7

Altars:

Shops:
D:2 *


Innate Abilities, Weirdness & Mutations

You passively map a small area around you.
You are easily found by Zot.
You glow in the dark.
You regain HP and MP as you explore.


Message History

Spoiler Alert: The adder is fast and can poison!
A quokka comes into view.
The adder bites you but does no damage. x2
You miss the adder.
The adder bites you but does no damage. x2
You slash the adder!
You kill the adder!
You block the quokka's attack.
You have reached level 4!
Health restored: 40; MP restored: 5 You closely miss the quokka.
The quokka barely misses you.
You barely miss the quokka. The quokka bites you.
The quokka bites you but does no damage.
You take 2 damage, and have 38/40 hp.
You closely miss the quokka. The quokka bites you. x2
You take 7 damage, and have 31/40 hp.
You slash the quokka!
You kill the quokka!
No target in view!
No target in view!
HP restored.
There is a stone staircase leading up here.
j - 2 brown potions Health restored: 40 An orc comes into view.
It is wielding a +0 flail.
The orc barely misses you.
You slash the orc!
You kill the orc!
No target in view!
You see here a +0 flail.
A rat comes into view.
Found a stone staircase leading down.
A goblin comes into view. It is wielding a +0 dagger.
The goblin shouts!
The rat bites you but does no damage.
You hit the rat.
You kill the rat!
You miss the goblin. The goblin hits you but does no damage.
The goblin hits you with a +0 dagger.
You take 1 damage, and have 39/40 hp.
You slash the goblin!
You kill the goblin!
No target in view!
No target in view!
Health restored: 40
There is a stone staircase leading down here.
You climb downwards.
There is a stone staircase leading up here.
As you read the scroll labelled MYSIWK IJAU, it crumbles to dust.
You feel strangely unstable.
It was a scroll of teleportation.
As you read the scroll labelled OTOVEN SIYD, it crumbles to dust.
A profound silence engulfs you.
It was a scroll of silence.
Your surroundings suddenly seem different.
A worm, an endoplasm and a gnoll come into view.
The endoplasm quivers.
Warning x2: The gnoll can hit for moderate damage in melee, and throws nets!
The worm can hit for moderate damage in melee!
Warning x2: The gnoll can hit for moderate damage in melee, and throws nets!
The worm can hit for moderate damage in melee!
Warning x2: The gnoll can hit for moderate damage in melee, and throws nets!
The worm can hit for moderate damage in melee!
Warning x2: The gnoll can hit for moderate damage in melee, and throws nets!
The worm can hit for moderate damage in melee!
Warning x2: The gnoll can hit for moderate damage in melee, and throws nets!
The worm can hit for moderate damage in melee!
Warning x2: The gnoll can hit for moderate damage in melee, and throws nets!
The worm can hit for moderate damage in melee!
Warning x2: The gnoll can hit for moderate damage in melee, and throws nets!
The worm can hit for moderate damage in melee!
Warning x2: The gnoll can hit for moderate damage in melee, and throws nets!
The worm can hit for moderate damage in melee!
Warning x2: The gnoll can hit for moderate damage in melee, and throws nets!
The worm can hit for moderate damage in melee!
Warning x2: The gnoll can hit for moderate damage in melee, and throws nets!
The worm can hit for moderate damage in melee!
Warning x2: The gnoll can hit for moderate damage in melee, and throws nets!
The worm can hit for moderate damage in melee!
You hit the endoplasm.
The endoplasm is lightly wounded.
The endoplasm freezes you.
You are frozen.
You take 2 damage, and have 38/40 hp.
Warning x2: The gnoll can hit for moderate damage in melee, and throws nets!
The worm can hit for moderate damage in melee!
You slash the endoplasm!
You kill the endoplasm!
Warning x2: The gnoll can hit for moderate damage in melee, and throws nets!
The worm can hit for moderate damage in melee!
You barely miss the gnoll. The gnoll closely misses you.
The gnoll hits you with a +0 flail!
You take 8 damage, and have 30/40 hp.
Warning x2: The gnoll can hit for moderate damage in melee, and throws nets!
The worm can hit for moderate damage in melee!
You are too injured to fight recklessly!
Warning x2: The gnoll can hit for moderate damage in melee, and throws nets!
The worm can hit for moderate damage in melee!
You are too injured to fight recklessly!
Warning x2: The gnoll can hit for moderate damage in melee, and throws nets!
The worm can hit for moderate damage in melee!
You are too injured to fight recklessly!
Warning x2: The gnoll can hit for moderate damage in melee, and throws nets!
The worm can hit for moderate damage in melee!
You closely miss the gnoll.
Your hearing returns.
The gnoll barely misses you.
Warning x2: The gnoll can hit for moderate damage in melee, and throws nets!
The worm can hit for moderate damage in melee!
You closely miss the gnoll. The gnoll hits you with a +0 flail.
Warning x2: The gnoll can hit for moderate damage in melee, and throws nets!
The worm can hit for moderate damage in melee!
You barely miss the gnoll. The gnoll closely misses you.
The gnoll hits you with a +0 flail!
You take 11 damage, and have 19/40 hp.
MASSIVE DAMAGE!!
Warning x2: The gnoll can hit for moderate damage in melee, and throws nets!
The worm can hit for moderate damage in melee!
You barely miss the gnoll. The gnoll hits you with a +0 flail!
* * * LOW HITPOINT WARNING * * *
You take 10 damage, and have 9/40 hp.
MASSIVE DAMAGE!!
Warning x2: The gnoll can hit for moderate damage in melee, and throws nets!
The worm can hit for moderate damage in melee!
The gnoll attacks as you move away! The gnoll hits you with a +0 flail!
You die...

######## *
#......# , *
*#@# ,# * ,
#g########.##.
,
#w............
,
#...g..!......
*
#.########.#..
*** ###* , ,*
, , ,* * * , *
,, , , , , ,
** ,*


You could see a worm and a gnoll.

Vanquished Creatures
  2 adders
  A worm (D:2)
  An orc (D:3)
  A ball python (D:2)
  A bat (D:2)
  5 endoplasms
  3 goblins
  2 hobgoblins
  2 jackals (D:2)
  A quokka (D:3)
  A frilled lizard (D:2)
  A kobold (D:2)
  3 rats
24 creatures vanquished.

Notes
Turn   | Place    | Note
-------+----------+-------------------------------------------
     0 | D:1      | Mgcat the Meteoran Fighter began the quest for the Orb.
     0 | D:1      | Reached XP level 1. HP: 19/19 MP: 2/2
    73 | D:1      | Reached XP level 2. HP: 26/26 MP: 3/3
   105 | D:2      | Reached skill level 3 in Axes
   252 | D:2      | Found Dubleshre's General Store.
   257 | D:2      | Reached XP level 3. HP: 27/31 MP: 4/4
   337 | D:2      | Reached skill level 4 in Armour
   337 | D:2      | Reached skill level 4 in Shields
   381 | D:2      | Bought a scroll of identify for 22 gold pieces
   448 | D:3      | Reached XP level 4. HP: 40/40 MP: 5/5
   563 | D:4      | HP: 9/40 [gnoll/+0 flail (10)]
   564 | D:4      | Slain by a gnoll

Illustrated notes

Levels and vault maps discovered:
D:1:      minmay_arrival_open_corners, layout_rooms,
          dreamdust_ecumenical_altar_drowned_temple
D:2:      layout_rooms, serial_shops, shop, eino_curves_04
D:3:      layout_loops_ring, serial_shops, nicolae_lakefront_shop,
          hangedman_abyss_or_decor_stabs
D:4:      layout_loops_ring, lemuel_coloured_pillars_altar

Skill      XL: |  1  2  3 |
---------------+----------+-----
Axes           | 3 |  3.5
Armour         | 4 |  4.1
Shields        | 4 |  4.0
Fighting       | |  3.7

Action                   |  1- 3 |  4- 6 || total
-------------------------+-------+-------++-------
Melee: War axe           |    53 |    15 ||    68
  Use: Scroll            |     2 |     2 ||     4
Armor: Scale mail        |    27 |     3 ||    30
Dodge: Dodged            |    28 |     5 ||    33
Block: Buckler           |    19 |       ||    19

Table legend: (Time is in decaauts)
 A = Elapsed time spent in this place.
 B = Non-inter-level travel time spent in this place.
 C = Inter-level travel time spent in this place.
 D = Time resting spent in this place.
 E = Time spent auto-exploring this place.
 F = Levels seen in this place.
 G = Mean time per level.
                   A        B        C        D        E       F      G
               +--------+--------+--------+--------+--------+-----+--------+
         Total |    589 |    584 |      5 |      6 |    366 |   4 |  147.2 |
       Dungeon |    589 |    584 |      5 |      6 |    366 |   4 |  147.2 |
               +--------+--------+--------+--------+--------+-----+--------+

Top non-repeatable levels by time:
     D:2: 363 daAuts
     D:3: 105 daAuts
     D:1: 97 daAuts
     D:4: 23 daAuts

Table legend:
 A = Kills in this place as a percentage of kills in entire the game.
 B = Kills by you in this place as a percentage of kills by you in the entire game.
 C = Kills by friends in this place as a percentage of kills by friends in the entire game.
 D = Other kills in this place as a percentage of other kills in the entire game.
 E = Experience gained in this place as a percentage of experience gained in the entire game.
 F = Experience gained in this place divided by the number of levels of this place that you have seen.
                   A       B       C       D       E      F
               +-------+-------+-------+-------+-------+----------------------
         Total | 100.0 | 100.0 |   N/A |   N/A | 100.0 |  17.2
       Dungeon | 100.0 | 100.0 |   N/A |   N/A | 100.0 |  17.2
               +-------+-------+-------+-------+-------+----------------------
